 Dungeon Crawl Stone Soup version 0.29.0 (webtiles) character file.

Game seed: 14777953241373041789

5 lyrin the Sneak (level 1, -1/16 HPs)
             Began as a Demonspawn Brigand on Sept 3, 2022.
             Slain by a hobgoblin (2 damage)
             ... on level 1 of the Dungeon.
             The game lasted 00:00:21 (181 turns).

lyrin the Sneak (Demonspawn Brigand)                 Turns: 181, Time: 00:00:22

Health: -1/16      AC:  4    Str: 11    XL:     1   Next: 66%
Magic:  1/1        EV: 11    Int: 12    God:
Gold:   14         SH:  0    Dex: 14    Spells: 0/0 levels left

rFire   . . .      SeeInvis .   a - +2 dagger
rCold   . . .      Faith    .   (no shield)
rNeg    . . .      Spirit   .   g - +0 leather armour
rPois   .          Reflect  .   (no helmet)
rElec   .          Harm     .   c - +0 cloak
rCorr   .          Rampage  .   (no gloves)
Will    .....                   (no boots)
Stlth   ++........              (no amulet)
HPRegen 0.05/turn               (no ring)
MPRegen 0.07/turn               (no ring)

@: no status effects
A: no striking features
a: no special abilities


You were on level 1 of the Dungeon.
You visited 1 branch of the dungeon, and saw 1 of its levels.

You collected 14 gold pieces.

Inventory:

Hand Weapons
 a - a +2 dagger (weapon)
 b - a +0 falchion
Missiles
 d - 9 poisoned darts (quivered)
 e - 3 curare-tipped darts
Armour
 c - a +0 cloak (worn)
 g - a +0 leather armour (worn)
Potions
 f - a potion of attraction {unknown}


   Skills:
 + Level 2.2 Fighting
 + Level 2.0 Short Blades
 - Level 1.7 Throwing
 + Level 0.9 Dodging
 - Level 3.6 Stealth


You couldn't memorise any spells.
You didn't know any spells.
Your spell library was empty.

Dungeon Overview and Level Annotations

Branches:
Dungeon (1/15)

Altars:


Message History

A hobgoblin and a ball python come into view.
Found 4 gold pieces.
The hobgoblin shouts!
A hobgoblin comes into view.
The ball python barely misses you. The ball python grabs you.
The ball python constricts you.
There are monsters nearby!
The hobgoblin shouts!
You hit the ball python.
The ball python is heavily wounded.
The ball python bites you but does no damage.
The ball python constricts you.
You closely miss the ball python.
The ball python is heavily wounded.
The ball python bites you but does no damage.
The ball python constricts you.
You escape the ball python's grasp.
You hit the ball python.
You kill the ball python!
A dart slug comes into view.
The hobgoblin hits you but does no damage.
You closely miss the hobgoblin. The hobgoblin closely misses you.
You barely miss the hobgoblin. The hobgoblin hits you.
You closely miss the hobgoblin.
The hobgoblin hits you but does no damage. x2
You closely miss the hobgoblin. The hobgoblin hits you.
The hobgoblin barely misses you.
You hit the hobgoblin but do no damage.
A kobold comes into view. It is wielding a +0 whip.
The hobgoblin barely misses you. The hobgoblin hits you.
You are too injured to fight recklessly!
The hobgoblin hits you but does no damage.
You see here a +0 dagger.
You hit the hobgoblin but do no damage. You hit the hobgoblin but do no damage.
The hobgoblin hits you. The hobgoblin misses you. The hobgoblin hits you.
* * * LOW HITPOINT WARNING * * *
The hobgoblin attacks as you move away! The hobgoblin hits you.
You die...

########....####........
.......>..#.##########..
#######.###.............
#.# ############..
#######'## ##.
.........# #. .........#
#. .........# #.
.......@.# #. ......gg.#
#. .....##.#####.. #.
..... #.†...... #. .....
#........ #. ....
##....... #. ... ....$..
## .....K. .......


You could see 2 hobgoblins.

Vanquished Creatures
  A ball python (D:1)
  A giant cockroach (D:1)
  A bat (D:1)
  2 kobolds (D:1)
5 creatures vanquished.

Notes
Turn   | Place    | Note
-------+----------+-------------------------------------------
     0 | D:1      | lyrin the Demonspawn Brigand began the quest for the Orb.
     0 | D:1      | Reached XP level 1. HP: 16/16 MP: 1/1
   181 | D:1      | Slain by a hobgoblin

Illustrated notes

Levels and vault maps discovered:
D:1:      lightli_arrival_lavapool, layout_basic,
          ebering_ecumenical_altar_petrified, chequers_serial_rivers_room_a

Skill      XL: |  1 |
---------------+----+-----
Short Blades   | 2 |  2.0
Fighting       | |  2.2
Throwing       | |  1.7
Dodging        | |  0.9
Stealth        | |  3.6

Action                   || total
-------------------------++-------
Melee: Dagger            ||    19
Armor: Robe              ||     9
       Leather armour    ||     7
Dodge: Dodged            ||    10
